 Dungeon Crawl Stone Soup version 0.28.0-47-ge53b351184 (webtiles) character file.

Game seed: 10196572264532500582

193 Iusername the Skirmisher (level 5, 0/47 HPs)
             Began as a Minotaur Fighter on May 6, 2022.
             Slain by Edmund
             ... wielding a +0 vorpal flail
              (3 damage)
             ... on level 4 of the Dungeon.
             The game lasted 00:02:31 (3418 turns).

Iusername the Skirmisher (Minotaur Fighter)         Turns: 3418, Time: 00:02:31

Health: 0/47       AC:  9    Str: 22    XL:     5   Next: 43%
Magic:  4/4        EV:  9    Int:  5    God:
Gold:   52         SH:  4    Dex: 10    Spells: 4/4 levels left

rFire   . . .      SeeInvis .   a - +0 long sword
rCold   . . .      Faith    .   c - +0 buckler
rNeg    . . .      Spirit   .   b - +0 scale mail
rPois   .          Reflect  .   (helmet restricted)
rElec   .          Harm     .   (no cloak)
rCorr   .          Rampage  .   j - +1 pair of gloves
Will    .....                   (no boots)
Stlth   ..........              (no amulet)
HPRegen 0.15/turn               (no ring)
MPRegen 0.09/turn               (no ring)

@: no status effects
A: horns 2, retaliatory headbutt
a: no special abilities


You were on level 4 of the Dungeon.
You visited 1 branch of the dungeon, and saw 4 of its levels.

You collected 52 gold pieces.

Inventory:

Hand Weapons
 a - a +0 long sword (weapon)
Armour
 b - a +0 scale mail (worn)
 c - a +0 buckler (worn)
 j - a +1 pair of gloves (worn)
Jewellery
 n - a ring of poison resistance
Scrolls
 e - a scroll of fear {unknown}
 h - 2 scrolls of teleportation {unknown}
 k - a scroll of fog {unknown}
 l - a scroll of identify {unknown}
 m - 2 scrolls of noise {unknown}
Potions
 d - a potion of might
 f - a potion of flight {unknown}
 g - a potion of heal wounds {unknown}
 i - 2 potions of degeneration {unknown}


   Skills:
 + Level 4.9 Fighting
 + Level 4.0 Long Blades
 + Level 4.8 Armour
 + Level 4.8 Shields


You had 4 spell levels left.
You didn't know any spells.
Your spell library was empty.

Dungeon Overview and Level Annotations

Branches:
Dungeon (4/15)
 Temple: D:4-7

Altars:
Zin

Annotations:
D:4 Edmund


Innate Abilities, Weirdness & Mutations

You have a pair of horns on your head.
You reflexively headbutt those who attack you in melee.


Message History

There are monsters nearby!
You hit Edmund.
Edmund is moderately wounded.
Edmund barely misses you. The endoplasm barely misses you.
There are monsters nearby!
You hit Edmund.
Edmund is heavily wounded.
Edmund mutters, "Who needs spells, anyway?"
Edmund hits you but does no damage. The endoplasm freezes you.
You are frozen.
Edmund hits you but does no damage.
There are monsters nearby!
There are monsters nearby!
You slash Edmund!
Edmund is severely wounded.
The endoplasm closely misses you. Edmund hits you with a +0 vorpal flail.
There are monsters nearby!
You hit Edmund but do no damage.
Edmund is severely wounded.
The endoplasm freezes you.
You are frozen.
Edmund hits you with a +0 vorpal flail!
There are monsters nearby!
You hit Edmund. Your headbutt misses Edmund.
Edmund is almost dead.
The endoplasm barely misses you. Edmund closely misses you.
The endoplasm freezes you.
You are frozen.
There are monsters nearby!
You hit Edmund.
Edmund is almost dead.
Edmund hits you but does no damage.
The endoplasm hits you but does no damage.
Edmund grinds his teeth, and then sighs.
Edmund hits you with a +0 vorpal flail!
* * * LOW HITPOINT WARNING * * *
You hit Edmund.
Edmund is almost dead.
The endoplasm barely misses you. Edmund hits you with a +0 vorpal flail!
* * * LOW HITPOINT WARNING * * *
You die...

#..# #..## ....#
...# ...# #. #..#
#.. #@J# #.. #@.#
... ###>.# #.
#.##....# #..
#....#.#
#..###.....#
#.#.#....###
#.##.##.## #.##.##.#
######.##.##.#######


You could see Edmund and an endoplasm.

Vanquished Creatures
  A black bear (D:3)
  Robin (D:2)
  A howler monkey skeleton (D:4)
  An adder (D:2)
  An adder skeleton (D:4)
  A worm (D:2)
  3 dart slugs (D:2)
  An orc (D:3)
  3 bats
  7 endoplasms
  2 giant cockroaches
  13 goblins
  5 hobgoblins
  2 quokkas (D:2)
  4 ball pythons
  A frilled lizard (D:1)
  6 kobolds
  A quokka zombie (D:4)
  5 rats
59 creatures vanquished.

Vanquished Creatures (others)
  3 withered plants (D:4)
3 creatures vanquished.

Grand Total: 62 creatures vanquished

Notes
Turn   | Place    | Note
-------+----------+-------------------------------------------
     0 | D:1      | Iusername the Minotaur Fighter began the quest for the Orb.
     0 | D:1      | Reached XP level 1. HP: 19/19 MP: 0/0
   229 | D:1      | Reached XP level 2. HP: 20/27 MP: 1/1
   818 | D:2      | Found a faded altar of an unknown god.
  1011 | D:2      | Reached XP level 3. HP: 25/33 MP: 2/2
  1201 | D:2      | Noticed Robin
  1216 | D:2      | Killed Robin
  1896 | D:2      | Reached XP level 4. HP: 21/41 MP: 3/3
  2314 | D:3      | Found a glowing silver altar of Zin.
  2805 | D:3      | Noticed a black bear
  2814 | D:3      | Killed a black bear
  2815 | D:3      | Reached XP level 5. HP: 29/47 MP: 4/4
  3406 | D:4      | Noticed Edmund
  3418 | D:4      | Slain by Edmund

Illustrated notes

Levels and vault maps discovered:
D:1:      dpeg_arrival_pits, layout_basic
D:2:      layout_rooms, hellmonk_ecumenical_altar_blasted, uniq_robin
D:3:      layout_loops_corners, zin_statuary, nrook_uturn
D:4:      layout_loops_ring, serial_undead, serial_undead_c, serial_undead_b,
          serial_undead_b, serial_undead_b, serial_undead_b, serial_undead_e,
          serial_undead_b, serial_bayou_crossing, uniq_edmund

Skill      XL: |  1  2  3  4  5 |
---------------+----------------+-----
Armour         | 4 |  4.8
Fighting       | 4 |  4.9
Long Blades    | 3 4 |  4.0
Shields        | 4 |  4.8

Action                   |  1- 3 |  4- 6 || total
-------------------------+-------+-------++-------
Melee: Long sword        |   100 |    51 ||   151
       Headbutt          |    10 |     4 ||    14
Armor: Scale mail        |    61 |    27 ||    88
Dodge: Dodged            |    40 |    22 ||    62
Block: Buckler           |    27 |    11 ||    38
